 Dungeon Crawl Stone Soup version 0.29.1-15-g9cfb28693d (webtiles) character file.

Game seed: 2404930430040845419

71 growler the Insei (level 4, -1/32 HPs)
             Began as a Merfolk Transmuter on Mar 16, 2023.
             Slain by a gnoll
             ... wielding a +0 flail
              (7 damage)
             ... on level 2 of the Dungeon.
             The game lasted 00:03:24 (1718 turns).

growler the Insei (Merfolk Transmuter)              Turns: 1718, Time: 00:03:27

Health: -1/32      AC:  2    Str: 10    XL:     4   Next: 24%
Magic:  1/8        EV: 20    Int: 14    God:
Gold:   157        SH:  0    Dex: 19    Spells: 2/8 levels left

rFire   . . .      SeeInvis .     - Unarmed
rCold   . . .      Faith    .   (shield currently unavailable)
rNeg    . . .      Spirit   .   (body armour currently unavailable)
rPois   .          Reflect  .   (helmet currently unavailable)
rElec   +          Harm     .   (cloak currently unavailable)
rCorr   .          Rampage  .   (gloves currently unavailable)
Will    .....                   (boots currently unavailable)
Stlth   +++.......              k - amulet "Loshror" {rElec Regen+ Stlth+}
HPRegen 0.90/turn               e - ring of poison resistance
MPRegen 0.11/turn               (no ring)

@: spider-form, wereblooded, very slightly contaminated
A: venomous fangs, tiny, (nimble swimmer 2), (mertail)
a: End Transformation


You were on level 2 of the Dungeon.
You were a venomous arachnid creature.
You visited 1 branch of the dungeon, and saw 2 of its levels.

You collected 157 gold pieces.

Inventory:

Armour
 a - a +0 robe (melded)
 m - the -1 pair of gloves "Ododdu" (melded) {rElec rF+++ Regen+ Int-2}
   (You found it on level 2 of the Dungeon)

   Int:       It affects your intelligence (-2).
   rF:        It renders you almost immune to fire.
   rElec:     It insulates you from electricity.
   Regen:     It increases your rate of health regeneration.
Jewellery
 e - a ring of poison resistance (left front leg)
 k - the amulet "Loshror" (around neck) {rElec Regen+ Stlth+}
   (You found it on level 2 of the Dungeon)

   [amulet of regeneration]

   rElec:     It insulates you from electricity.
   Regen:     It increases your rate of health regeneration.
   Stlth:     It makes you more stealthy.
Scrolls
 c - 2 scrolls of identify {unknown}
 d - a scroll of enchant armour {unknown}
 g - a scroll of poison {unknown}
 i - 3 scrolls of teleportation {unknown}
Potions
 b - a potion of lignification
 f - 2 potions of heal wounds {unknown}
 h - a potion of attraction {unknown}
 j - a potion of curing {unknown}
 l - 2 potions of ambrosia {unknown}


   Skills:
 - Level 1.1 Fighting
 - Level 2.6 Dodging
 + Level 4.1 Unarmed Combat
 + Level 2.9 Spellcasting
 - Level 4.0 Transmutations


You had 2 spell levels left.
You knew the following spells:

 Your Spells              Type           Power      Damage    Failure   Level
a - Beastly Appendage     Tmut           26%        N/A       13%         1
b - Wereblood             Tmut           13%        N/A       17%         2
c - Spider Form           Tmut/Pois      7%         N/A       50%         3

Your spell library contained the following spells:

 Spells                   Type           Power      Damage    Failure   Level
 Ice Form                 Ice/Tmut       7%         N/A       85%         4


Dungeon Overview and Level Annotations

Branches:
Dungeon (2/15)

Altars:

Shops:
D:2 (


Innate Abilities, Weirdness & Mutations

You are a venomous arachnid creature.
You have poisonous fangs.
You are tiny and dextrous.
Your spellcasting is less reliable in this form.
Your armour is entirely melded.
You are incapable of wielding weapons or throwing items.
((You are very nimble when in or above water. (Stealth+, EV+, Speed+++)))
((Your lower body shifts to a powerful aquatic tail in water.))


Message History

Found a scroll labelled IJAESO ZOYGUIW.
You hit the kobold.
You kill the kobold!
A ball python and a gnoll come into view.
The gnoll hits you with a +0 flail!
A gnoll comes into view. It is wielding a +0 whip.
The ball python moves out of view.
The gnoll moves out of view.
The gnoll shouts!
You hit the gnoll but do no damage. Your headbutt misses the gnoll.
You hear a shout!
The gnoll hits you with a +0 flail.
You barely miss the gnoll. You punch the gnoll.
The gnoll is moderately wounded.
The gnoll closely misses you.
You hit the gnoll but do no damage. Your headbutt misses the gnoll.
The gnoll is moderately wounded.
Your transformation is almost over.
The gnoll hits you from afar with a +0 spear.
The gnoll hits you with a +0 flail. The gnoll closely misses you.
Casting: Beastly Appendage (safe; 4% risk of failure)
Confirm with . or Enter, or press ? or * to list all spells.
You miscast Wereblood.
You are very lightly contaminated with residual magic.
Nothing appears to happen.
The gnoll hits you but does no damage. The gnoll completely misses you.
The gnoll hits you with a +0 whip.
Casting: Wereblood (safe; 8% risk of failure)
Confirm with . or Enter, or press ? or * to list all spells.
Your blood is infused with primal strength.
The gnoll closely misses you. x2; The gnoll hits you with a +0 whip.
Casting: Wereblood (safe; 8% risk of failure)
Confirm with . or Enter, or press ? or * to list all spells.
The spell is quite dangerous to miscast (32% risk of failure)!
Continue anyway?
Your horns disappear.
You turn into a venomous arachnid creature.
The -1 pair of gloves "Ododdu" {rElec rF+++ Regen+ Int-2} melds into your body.
Your +0 robe melds into your body.
The gnoll hits you from afar with a +0 spear.
* * * LOW HITPOINT WARNING * * *
The gnoll hits you with a +0 flail!
You die...

...... ....... .......
... .. ....... ....
##... ......### ...#
..... ....?... ...
.##..!######
g..?.#.##.#
..........##g.####....#
#.........sg.......###
#........)..#####..#
#...........# #..##
##.#)).....## #.##
#.#......)# #.#
###.#.......#####.# ..
...............#...#
.###.##.........#.#.###
..#.##.........#...#


You could see 3 gnolls.

Vanquished Creatures
  Jessica (D:2)
  An adder (D:2)
  2 dart slugs
  3 ball pythons (D:1)
  7 bats
  3 endoplasms (D:1)
  A giant cockroach (D:2)
  A goblin (D:1)
  4 hobgoblins (D:1)
  2 frilled lizards
  6 kobolds
31 creatures vanquished.

Notes
Turn   | Place    | Note
-------+----------+-------------------------------------------
     0 | D:1      | growler the Merfolk Transmuter began the quest for the Orb.
     0 | D:1      | Reached XP level 1. HP: 15/15 MP: 3/3
   178 | D:1      | Reached XP level 2. HP: 5/21 MP: 5/5
   405 | D:1      | Learned a level 2 spell: Wereblood
  1099 | D:1      | Reached XP level 3. HP: 26/26 MP: 4/6
  1433 | D:1      | Learned a level 3 spell: Spider Form
  1473 | D:2      | Found Hedosoo's Antique Weapon Boutique.
  1479 | D:2      | Identified the amulet "Loshror" {rElec Regen+ Stlth+}
  1571 | D:2      | Noticed Jessica
  1584 | D:2      | Killed Jessica
  1585 | D:2      | Reached XP level 4. HP: 29/32 MP: 6/8
  1637 | D:2      | Identified the -1 pair of gloves "Ododdu" {rElec rF+++
                  | Regen+ Int-2}
  1718 | D:2      | Slain by a gnoll

Illustrated notes

Levels and vault maps discovered:
D:1:      dpeg_arrival_central, layout_basic
D:2:      layout_rooms, serial_shops, shop, kennysheep_nub, uniq_jessica

Skill      XL: |  1  2  3  4 |
---------------+-------------+-----
Transmutations | 3 4 |  4.0
Unarmed Combat | 4 |  4.1
Fighting       | |  1.1
Dodging        | |  2.6
Spellcasting   | |  2.9

Action                   |  1- 3 |  4- 6 || total
-------------------------+-------+-------++-------
Melee: Unarmed           |    87 |    24 ||   111
       Headbutt          |     6 |       ||     6
       Punch             |       |     3 ||     3
 Cast: Beastly Appendage |    12 |     1 ||    13
       Spider Form       |       |     1 ||     1
       Wereblood         |       |     1 ||     1
 Stab: Sleeping          |     2 |       ||     2
Armor: Robe              |    17 |     6 ||    23
Dodge: Dodged            |    62 |    18 ||    80
